 Dungeon Crawl Stone Soup version 0.25.1-2-g60ff931df9 (webtiles) character file.

Game seed: 8016151506247421976

980 gruber the Covert (level 8, -3/55 HPs)
             Began as an Octopode Assassin on Dec 1, 2020.
             Slain by Menkaure (24 damage)
             ... on level 4 of the Dungeon.
             The game lasted 00:07:48 (3547 turns).

gruber the Covert (Octopode Assassin)               Turns: 3547, Time: 00:07:49

Health: -3/55      AC:  1    Str: 10    XL:     8   Next: 17%
Magic:  6/8        EV: 13    Int: 11    God:
Gold:   16         SH:  0    Dex: 14    Spells: 7/7 levels left

rFire    . . .     SeeInvis .   a - +2 dagger
rCold    . . .     Gourm    .   (no shield)
rNeg     . . .     Faith    .   (helmet restricted)
rPois    .         Spirit   .   (no amulet)
rElec    .         Reflect  .   e - ring of fire
rCorr    .         Harm     .   k - ring of ice
MR       .....                  t - ring of Shadows {Umbra +Inv Stlth+}
Stlth    +++++++++.             r - -4 ring of intelligence (curse)
HPRegen  0.18/turn              (no ring)
MPRegen  0.11/turn              (no ring)
                                (no ring)
                                (no ring)

@: very slightly contaminated, wreathed by umbra, invisible
A: almost no armour, stealthy swim, amphibious, 8 rings, constrict 8, camouflage
1, gelatinous body 1
a: no special abilities


You were on level 4 of the Dungeon.
You were not hungry.

You visited 1 branch of the dungeon, and saw 4 of its levels.

You collected 126 gold pieces.
You spent 110 gold pieces at shops.

Inventory:

Hand Weapons
 a - a +2 dagger (weapon)
 q - a +0 short sword
 u - the +6 dagger "gruber's Regret" {pain, *Noise rPois Int+3}
   (You found it on level 4 of the Dungeon)

   In the hands of one skilled in necromantic magic, it inflicts extra damage on
   living creatures.
   It affects your intelligence (+3).
   It protects you from poison.
   It may make noises in combat.
Missiles
 b - 12 poisoned darts (quivered)
 f - a curare-tipped dart
Armour
 g - a cursed +0 kite shield
Jewellery
 e - a ring of fire (left tentacle)
 k - a ring of ice (right tentacle)
 r - a cursed -4 ring of intelligence (on tentacle)
 t - the ring of Shadows (on tentacle) {Umbra +Inv Stlth+}
   (You found it on level 4 of the Dungeon)

   [ring of stealth]

   It lets you turn invisible.
   It makes you more stealthy.
 w - a +6 ring of dexterity {unknown}
Wands
 v - a wand of disintegration (11)
 y - a wand of polymorph (1)
Scrolls
 j - 2 scrolls of remove curse {unknown}
 m - a scroll of fog {unknown}
 n - a scroll of blinking {unknown}
 o - 4 scrolls of identify
 p - a scroll of enchant armour {unknown}
 x - a scroll of teleportation
Potions
 c - a potion of cancellation {unknown}
 h - 6 potions of flight {unknown}
 i - 4 potions of curing
 l - a potion of stabbing {unknown}
 s - a potion of ambrosia {unknown}
 z - a potion of berserk rage {unknown}
 B - a potion of mutation {unknown}
Comestibles
 d - 8 rations
 A - 2 chunks of flesh


   Skills:
 - Level 5.0 Fighting
 - Level 5.1 Short Blades
 - Level 2.0 Throwing
 * Level 1.9 Dodging
 - Level 10.0 Stealth


You had 7 spell levels left.
You didn't know any spells.
Your spell library was empty.

Dungeon Overview and Level Annotations

Branches:
Dungeon (4/15)
 Temple: D:4-7

Altars:

Shops:
D:4 *

Annotations:
D:4 Menkaure


Innate Abilities, Weirdness & Mutations

You cannot wear most types of armour.
You are very stealthy in the water. (Stealth+)
You are amphibious.
You can wear up to eight rings at the same time.
You can use your tentacles to constrict eight enemies at once.
Your skin changes colour to match your surroundings (Stealth+).
Your rubbery body absorbs attacks. (AC +1, EV +1)


Message History

Your body is wracked with pain!
You fail to use your ability.
You fail to use your ability.
You fail to use your ability.
You fail to use your ability.
You fail to use your ability.
Menkaure barely misses you.
You fail to use your ability.
Menkaure barely misses you.
You fail to use your ability.
You fade into invisibility!
You are very lightly contaminated with residual magic.
You feel quite a bit more hungry.
Menkaure gestures wildly while chanting.
Menkaure seems to speed up.
You hit Menkaure. You grab Menkaure.
Menkaure is lightly damaged.
You constrict Menkaure. Menkaure hits you!
You hit Menkaure but do no damage. You squeeze Menkaure.
Menkaure is moderately damaged.
You constrict Menkaure. Menkaure hits you!!
You die...

#...............#
#######'#########
..........# ..........#
.######..##############
.######..##....#......#
.....(...#..M..'......#
.........'.....#M.....#
#######..###'###@.....#
.....##..###...########
....∩#...........#...#
.....#...÷.).....#...#
.....##'####.)##.##..#
#..>.#...####'##.##..#
+....#....+..........#
#..[.#....#..........#
#....#....#..........#


You could see Menkaure (fast).

Vanquished Creatures
  Grinder (D:3)
  Sigmund (D:2)
  Edmund (D:4)
  Duvessa (D:4)
  An ogre (D:4)
  Dowan (D:4)
  A howler monkey (D:4)
  Jessica (D:2)
  An iguana (D:4)
  Robin (D:2)
  4 gnolls
  5 adders
  An ooze (D:3)
  A worm (D:2)
  3 dart slugs (D:2)
  2 leopard geckos (D:2)
  4 orcs
  3 giant cockroaches
  11 goblins
  10 hobgoblins
  2 jackals (D:4)
  4 kobolds
  3 quokkas
  A ball python (D:2)
  2 bats
  6 frilled lizards
  5 rats
77 creatures vanquished.

Vanquished Creatures (others)
  A jackal skeleton (D:4)
1 creature vanquished.

Grand Total: 78 creatures vanquished

Notes
Turn   | Place    | Note
-------+----------+-------------------------------------------
     0 | D:1      | gruber the Octopode Assassin began the quest for the Orb.
     0 | D:1      | Reached XP level 1. HP: 14/14 MP: 1/1
   402 | D:1      | Reached XP level 2. HP: 19/19 MP: 2/2
   486 | D:1      | Reached skill level 6 in Stealth
   534 | D:2      | Noticed Jessica
   632 | D:1      | Reached XP level 3. HP: 22/24 MP: 3/3
   817 | D:2      | Reached skill level 7 in Stealth
  1004 | D:2      | Reached XP level 4. HP: 26/29 MP: 4/4
  1086 | D:2      | Noticed Sigmund
  1185 | D:2      | Killed Sigmund
  1185 | D:2      | Reached skill level 9 in Stealth
  1185 | D:2      | Reached XP level 5. HP: 34/34 MP: 5/5
  1185 | D:2      | Reached XP level 6. HP: 39/39 MP: 6/6
  1285 | D:2      | Reached skill level 10 in Stealth
  1385 | D:2      | Noticed Robin
  1399 | D:2      | Killed Robin
  1980 | D:2      | Killed Jessica
  2208 | D:3      | Noticed Grinder
  2211 | D:3      | Killed Grinder
  2211 | D:3      | Reached XP level 7. HP: 49/49 MP: 7/7
  2650 | D:3      | Reached skill level 5 in Fighting
  2813 | D:4      | Found the ring of Shadows {Umbra +Inv Stlth+}
  2836 | D:4      | Got a transparent dagger
  2837 | D:4      | Identified the +6 dagger "gruber's Regret" {pain, *Noise
                  | rPois Int+3} (You found it on level 4 of the Dungeon)
  2848 | D:4      | Noticed Edmund
  2864 | D:4      | Killed Edmund
  3064 | D:4      | Found Optyusk's General Store.
  3072 | D:4      | Bought a scroll of identify for 22 gold pieces
  3072 | D:4      | Bought a scroll of identify for 22 gold pieces
  3072 | D:4      | Bought a scroll of teleportation for 33 gold pieces
  3072 | D:4      | Bought a potion of curing for 33 gold pieces
  3076 | D:4      | Noticed Menkaure
  3205 | D:4      | Noticed Dowan
  3206 | D:4      | Noticed Duvessa
  3244 | D:4      | Killed Duvessa
  3244 | D:4      | Reached skill level 5 in Short Blades
  3244 | D:4      | Reached XP level 8. HP: 54/55 MP: 8/8
  3266 | D:4      | Killed Dowan
  3547 | D:4      | Slain by Menkaure

Illustrated notes

Levels and vault maps discovered:
D:1:      dpeg_arrival_simpleton_b, layout_rooms
D:2:      layout_basic, uniq_robin, uniq_jessica, uniq_sigmund
D:3:      layout_rooms, first_ration, minmay_fractal_squares_5, uniq_grinder
D:4:      layout_gridville, dancing_weapons_uskayaw, serial_shops, shop,
          uniq_menkaure, uniq_edmund, uniq_duvessa, uniq_natasha

Skill      XL: |  1  2  3  4  5  6  7 |
---------------+----------------------+-----
Stealth        | 6 7 9 10 | 10.0
Fighting       | 4 5 |  5.0
Short Blades   | 5 |  5.1
Throwing       | |  2.0
Dodging        | |  1.9

Action                   |  1- 3 |  4- 6 |  7- 9 || total
-------------------------+-------+-------+-------++-------
Melee: Dagger            |    34 |    62 |    66 ||   162
       Constrict         |     7 |    17 |    13 ||    37
       Tentacles         |     6 |    16 |    14 ||    36
       Unarmed           |       |       |    13 ||    13
Throw: Dart              |    18 |    11 |     9 ||    38
       Throwing net      |       |       |     1 ||     1
 Abil: Evoke Invisibilit |       |       |     3 ||     3
 Stab: Sleeping          |     6 |     6 |     8 ||    20
       Distracted        |       |     1 |       ||     1
       Invisible         |       |       |     1 ||     1
       Held in net/web   |       |       |     1 ||     1
  Eat: Chunk             |       |     4 |     5 ||     9
Armor: Skin              |     1 |     9 |    22 ||    32
Dodge: Dodged            |    11 |    38 |    34 ||    83
